 Dungeon Crawl Stone Soup version 0.17.1-3-g152610e (webtiles) character file.

194 hoolish the Poker (level 5, -3/41 HPs)
             Began as a Merfolk Gladiator on Jan 8, 2016.
             Was an Initiate of the Shining One.
             Slain by an iguana (12 damage)
             ... on level 4 of the Dungeon on Mar 14, 2016.
             The game lasted 00:21:32 (3256 turns).

hoolish the Poker (Merfolk Gladiator)               Turns: 3256, Time: 00:21:32

Health: -3/41      AC:  4    Str: 16    XL:     5   Next: 73%
Magic:  5/5        EV: 14    Int:  7    God:    the Shining One [......]
Gold:   184        SH:  0    Dex: 15    Spells: 0 memorised, 4 levels left

rFire  . . .     SeeInvis .     a - +0 trident
rCold  . . .     Clarity  .     b - +0 leather armour
rNeg   . . .     SustAt   .     (no shield)
rPois  .         Gourm    .     c - +0 helmet
rElec  .         Spirit   .     (no cloak)
rCorr  .         Warding  .     (no gloves)
rMut   .         Stasis   .     (no boots)
MR     .....                    (no amulet)
Stlth  +.........               (no ring)
                                (no ring)

@: not resistant to hostile enchantments, very unstealthy
A: change form in water, swift swim
a: Renounce Religion


You were on level 4 of the Dungeon.
You worshipped the Shining One.
The Shining One was noncommittal.
You were not hungry.

You visited 1 branch of the dungeon, and saw 4 of its levels.

You collected 184 gold pieces.

Inventory:

Hand Weapons
 a - a +0 trident (weapon)
 k - a +0 spear
 s - a +0 trident
 y - a +0 spear
Missiles
 j - 113 stones (quivered)
 q - 14 poisoned needles
Armour
 b - a +0 leather armour (worn)
 c - a +0 helmet (worn)
 w - a +0 helmet
Scrolls
 f - 4 scrolls of amnesia
 g - 2 scrolls of remove curse
 h - a scroll of teleportation {unknown}
 i - a scroll of identify
 m - a scroll of fear {unknown}
 t - a scroll of recharging {unknown}
 x - a scroll of magic mapping {unknown}
Potions
 l - a potion of ambrosia {unknown}
 n - 2 potions of brilliance
 p - a potion of might {unknown}
 v - a potion of poison {unknown}
Comestibles
 e - 2 bread rations
 r - a meat ration
 u - a royal jelly
 z - a fruit
 A - 2 chunks of flesh


   Skills:
 + Level 3.4 Fighting
 + Level 6.0 Polearms
 + Level 3.0 Throwing
 - Level 0.4 Armour
 + Level 5.4 Dodging


You had 4 spell levels left.
You didn't know any spells.

Dungeon Overview and Level Annotations

Branches:
Dungeon (4/15)
 Temple: D:4-7

Altars:
Ashenzari
Dithmenos
Kikubaaqudgha
The Shining One


Message History

You barely miss the iguana.
The iguana is moderately wounded.
The iguana completely misses you.
You hit the iguana.
The iguana is heavily wounded.
The iguana closely misses you.
You hit the iguana but do no damage.
The iguana is heavily wounded.
The iguana bites you but does no damage.
You closely miss the iguana.
The iguana is heavily wounded.
The iguana misses you.
You closely miss the iguana.
The iguana is heavily wounded.
The iguana bites you!
* * * LOW HITPOINT WARNING * * *
You barely miss the iguana.
The iguana is heavily wounded.
The iguana bites you!
You die...

#.......#
##...#..# ###
#..# #.##
####(##
##.#)..#
##..<..##
#..l....#
#.@..####
#.........#
.......#####.#
....... #
......# ######


You could see an iguana.

Vanquished Creatures
  A hound (D:4)
  A giant frog skeleton (D:4)
  An orc priest (D:3)
  4 adders
  2 worms
  3 giant geckos
  12 orcs
  3 bats (D:2)
  5 giant cockroaches
  A goblin (D:3)
  5 hobgoblins
  3 ball pythons
  2 giant newts
  4 kobolds
  8 rats
55 creatures vanquished.

Vanquished Creatures (others)
  4 toadstools (D:1)
4 creatures vanquished.

Grand Total: 59 creatures vanquished

Notes
Turn   | Place    | Note
--------------------------------------------------------------
     0 | D:1      | hoolish the Merfolk Gladiator began the quest for the Orb.
     0 | D:1      | Reached XP level 1. HP: 16/16 MP: 1/1
   331 | D:1      | Reached XP level 2. HP: 20/23 MP: 2/2
   784 | D:2      | Reached skill level 5 in Polearms
   784 | D:2      | Reached XP level 3. HP: 24/28 MP: 3/3
  1101 | D:2      | Found a glowing golden altar of the Shining One.
  1112 | D:2      | Became a worshipper of the Shining One
  1346 | D:2      | Upgraded the game from 0.17.1-1-g73c8601 to 0.17.1-3-g152610e
  1464 | D:2      | Noticed a sky beast
  1776 | D:3      | Reached XP level 4. HP: 15/34 MP: 4/4
  2439 | D:3      | Found a shadowy altar of Dithmenos.
  2445 | D:3      | Found an ancient bone altar of Kikubaaqudgha.
  2446 | D:3      | Found a shattered altar of Ashenzari.
  2796 | D:3      | Reached skill level 5 in Dodging
  2796 | D:3      | Reached XP level 5. HP: 22/41 MP: 5/5
  3100 | D:4      | Reached skill level 6 in Polearms
  3256 | D:4      | Slain by an iguana

Action                   |  1- 3 |  4- 6 || total
-------------------------+-------+-------++-------
Melee: Trident           |    97 |   123 ||   220
Throw: Throwing net      |       |     3 ||     3
  Use: Scroll            |       |     3 ||     3
       Potion            |       |     2 ||     2
 Stab: Sleeping          |     1 |       ||     1
  Eat: Chunk             |     2 |     4 ||     6
       Fruit             |       |     2 ||     2
